 Dungeon Crawl Stone Soup version 0.31.0-32-g396128a36d (webtiles) character file.

Game seed: 15014550189324064291

739 H0rd4k the Insei (level 7, 0/46 HPs)
             Began as an Octopode Artificer on Apr 23, 2024.
             Slain by an ice beast (5 damage)
             ... on level 6 of the Dungeon.
             The game lasted 00:04:17 (4506 turns).

H0rd4k the Insei (Octopode Artificer)               Turns: 4506, Time: 00:04:18

Health: 0/46       AC:  1    Str: 11    XL:     7   Next: 75%
Magic:  7/7        EV: 13    Int: 15    God:
Gold:   333        SH:  0    Dex: 13    Spells: 6/6 levels left

rFire   . .          .
                       - Unarmed
rCold   . . .        (no shield)
rNeg    . . .        (helmet restricted)
rPois   .            (no amulet)
rElec   .            (no ring)
rCorr   .            (no ring)
SInv    .            (no ring)
Will    .....        (no ring)
Stlth   +++          (no ring)
HPRegen 0.27/turn    (no ring)
MPRegen 0.10/turn    (no ring)
                     (no ring)

%: no passive effects
@: no status effects
A: almost no armour, amphibious, 8 rings, camouflage 1, gelatinous body 1,
(nimble swimmer 1), tentacles
a: no special abilities


You were on level 6 of the Dungeon.
You visited 2 branches of the dungeon, and saw 7 of its levels.

You collected 333 gold pieces.

Inventory:

Missiles
 n - 10 poisoned darts
 t - 4 atropa-tipped darts
Jewellery
 g - a ring of fire
 s - an amulet of guardian spirit
Wands
 b - a wand of flame (34) (quivered)
 c - a wand of charming (6)
 d - a wand of iceblast (4)
 q - a wand of light (9)
Scrolls
 a - 2 scrolls of blinking {unknown}
 e - 7 scrolls of identify {unknown}
 f - a scroll of revelation {unknown}
 h - a scroll of immolation
 j - a scroll of poison {unknown}
 m - 4 scrolls of teleportation {unknown}
 u - a scroll of amnesia {unknown}
Potions
 i - 3 potions of curing {unknown}
 k - a potion of invisibility {unknown}
 l - a potion of attraction {unknown}
 o - 2 potions of magic {unknown}
 p - 2 potions of degeneration {unknown}
 r - a potion of brilliance {unknown}


   Skills:
 + Level 3.2 Fighting
 - Level 2.3 Dodging
 - Level 1.3 Stealth
 + Level 7.5 Unarmed Combat
 - Level 3.2 Evocations


You had 6 spell levels left.
You didn't know any spells.
Your spell library contained the following spells:

 Spells                   Type           Power      Damage    Failure   Level
 Apportation              Tloc           0%         N/A       26%         1
 Freeze                   Ice            0%         1d3       26%         1
 Jinxbite                 Hex            0%         N/A       38%         2
 Mercury Vapours          Alch/Air       0%         N/A       38%         2
 Frozen Ramparts          Ice            0%         1d1       63%         3
 Hailstorm                Conj/Ice       0%         3d5       63%         3
 Mephitic Cloud           Conj/Alch/Air  0%         N/A       63%         3
 Airstrike                Air            0%         2d(0-16)  95%         4
 Passage of Golubria      Tloc           0%         N/A       95%         4
 Summon Blazeheart Golem  Fire/Summ      0%         N/A       95%         4
 Alistair's Intoxication  Alch           0%         N/A       100%        5
 Freezing Cloud           Conj/Ice/Air   0%         6-21      100%        5
 Silence                  Hex/Air        0%         N/A       100%        5
 Conjure Ball Lightning   Conj/Air       0%         3x3d6     100%        6
 Lehudib's Crystal Spear  Conj/Erth      0%         10d2      100%        8


Dungeon Overview and Level Annotations

Branches:
Dungeon (6/15)             Temple (1/1) D:4

Altars:
Ashenzari
Cheibriados
Dithmenos
Elyvilon
Fedhas
Hepliaklqana
Kikubaaqudgha
Makhleb
Okawaru
Ru
Uskayaw
Vehumet
Yredelemnul
Zin
The Shining One

Annotations:
D:4 exclusion: downstairs


Innate Abilities, Weirdness & Mutations

You cannot wear most types of armour.
You are amphibious.
You can wear up to eight rings at the same time.
Your skin changes colour to match your surroundings (Stealth+).
Your rubbery body absorbs attacks. (AC +1, EV +1)
((You are camouflaged when in or above water. (Stealth+)))
You have tentacles for arms and can constrict up to eight enemies at once.


Message History

Found a wand of flame (23).
The adder hisses angrily.
An adder is nearby!
An adder is nearby!
You bludgeon the adder! Your grab misses the adder.
The adder is almost dead.
The adder barely misses you.
You barely miss the adder. You grab the adder. Your squeeze misses the adder.
The adder is almost dead.
You constrict the adder, but do no damage.
The adder barely misses you.
An adder is nearby!
You tentacle-slap the adder.
You kill the adder!
There is a stone staircase leading down here.
b - a wand of flame (34) (gained 23 charges)
You now have 333 gold pieces (gained 12).
You open the door.
Found an escape hatch in the floor.
No target in view!
An ice beast and a water moccasin come into view.
There are monsters nearby!
There are monsters nearby!
There are monsters nearby!
You tentacle-slap the ice beast but do no damage.
The water moccasin barely misses you. The ice beast hits you.
The ice beast freezes you!
The water moccasin attacks as it pursues you!
The water moccasin closely misses you. The water moccasin bites you!
The water moccasin attacks as it pursues you!
The water moccasin bites you.
The ice beast attacks as it pursues you!
The ice beast hits you. The ice beast freezes you!
* * * LOW HITPOINT WARNING * * *
The water moccasin misses you.
The ice beast attacks as it pursues you!
The ice beast hits you.
* * * LOW HITPOINT WARNING * * *
The ice beast freezes you.
You die...

#....# #....# #....#
#####....#######
#......##......#
#......#..#....#
#......#..+....#
#......#'##....############
######.....#'##@S...>......
#.....#..#.Y...$....#
#.....#..+..........#
#####.....####..........#
..........# #..........#
..........# #######+####
..........# .......†..#####
#####+###+#.....#####


You could see a water moccasin and an ice beast.

Vanquished Creatures
  A centaur (D:5)
  An ogre (D:4)
  A bullfrog (D:6)
  A scorpion (D:4)
  A howler monkey (D:5)
  2 bombardier beetles
  A quasit (D:5)
  A hound (D:3)
  An orc priest (D:5)
  5 adders
  6 shadow imps (D:5)
  2 ufetubi (D:5)
  3 dart slugs
  5 orcs (D:5)
  2 bats
  7 endoplasms
  4 giant cockroaches
  7 goblins
  8 hobgoblins
  2 quokkas
  10 ball pythons
  2 frilled lizards (D:1)
  10 kobolds
  6 rats (D:1)
89 creatures vanquished.

Vanquished Creatures (collateral kills)
  A jelly (D:5)
  A white imp (D:4)
  2 orcs (D:5)
4 creatures vanquished.

Vanquished Creatures (others)
  A black bear (D:5)
  A frilled lizard (D:1)
2 creatures vanquished.

Grand Total: 95 creatures vanquished

Notes
Turn   | Place    | Note
-------+----------+-------------------------------------------
     0 | D:1      | H0rd4k the Octopode Artificer began the quest for the Orb.
     0 | D:1      | Reached XP level 1. HP: 13/13 MP: 1/1
    38 | D:1      | Got the Grimoire of Molten Ozone
    92 | D:1      | Reached XP level 2. HP: 11/18 MP: 2/2
    99 | D:1      | Reached skill level 1 in Unarmed Combat
   278 | D:1      | Found a faded altar of an unknown god.
   351 | D:1      | Reached skill level 2 in Unarmed Combat
   351 | D:1      | Reached XP level 3. HP: 24/24 MP: 3/3
   505 | D:4      | Found a shadowy altar of Dithmenos.
   599 | D:4      | Found a staircase to the Ecumenical Temple.
   609 | Temple   | Entered the Ecumenical Temple
   632 | D:4      | Noticed a scorpion
   636 | D:4      | Killed a scorpion
   637 | D:4      | Reached skill level 3 in Unarmed Combat
   637 | D:4      | Reached XP level 4. HP: 29/29 MP: 4/4
   758 | D:4      | Noticed an ogre
   769 | D:4      | Killed an ogre
   770 | D:4      | Reached skill level 4 in Unarmed Combat
   770 | D:4      | Reached XP level 5. HP: 9/34 MP: 5/5
  1449 | D:3      | Reached skill level 5 in Unarmed Combat
  1511 | D:3      | Reached XP level 6. HP: 23/41 MP: 6/6
  1609 | D:3      | Found a snail-covered altar of Cheibriados.
  2766 | D:5      | Entered Level 5 of the Dungeon
  2789 | D:5      | Reached skill level 6 in Unarmed Combat
  3004 | D:5      | Noticed a black bear
  3104 | D:5      | Reached XP level 7. HP: 16/45 MP: 7/7
  3733 | D:5      | Reached skill level 7 in Unarmed Combat
  4506 | D:6      | Slain by an ice beast

Illustrated notes

Levels and vault maps discovered:
D:1:      psy_arrival_whirlpool, layout_loops_cross,
          hellmonk_ecumenical_altar_blasted, palyth_stone_intersect
D:2:      layout_rooms
D:3:      layout_rooms, mainiacjoe_overflow_paths
D:4:      layout_loops_ring, amcnicky_altar_gilded, minmay_temple_entry_wispy
D:5:      layout_loops_ring, serial_demonic, serial_demonic_g, serial_demonic_d,
          serial_demonic_d, serial_demonic_f, serial_demonic_g,
          serial_demonic_d, kb_lookout_dungeons_type
D:6:      layout_gridville
Temple:   hellmonk_temple_forest_ring

Skill      XL: |  1  2  3  4  5  6  7 |
---------------+----------------------+-----
Unarmed Combat | 2 3 4 5 6 7 |  7.5
Fighting       | 2 3 |  3.2
Dodging        | |  2.3
Stealth        | |  1.3
Evocations     | |  3.2

Action                     |  1- 3 |  4- 6 |  7- 9 || total
---------------------------+-------+-------+-------++-------
  Melee: Unarmed           |    48 |   109 |    70 ||   227
         Tentacles         |    10 |    16 |     8 ||    34
         Constrict         |    13 |    19 |    16 ||    48
         Punch             |     1 |     4 |     4 ||     9
  Evoke: Wand              |     7 |     4 |     3 ||    14
   Stab: Sleeping          |     5 |     9 |     1 ||    15
         Distracted        |     1 |     1 |       ||     2
 Armour: Skin              |    22 |    46 |    54 ||   122
  Dodge: Dodged            |    34 |    71 |    65 ||   170
